 Dungeon Crawl Stone Soup version 0.29.1-1-gd02db6906a (webtiles) character file.

Game seed: 5781131220151118633

320975 kadoom the Hoplite (level 20, -16/136 HPs)
             Began as a Minotaur Berserker on Oct 4, 2022.
             Was a High Priest of Trog.
             Killed from afar by an ancient lich (33 damage)
             ... with a bolt of acid
             ... on level 2 of the Abyss on Oct 5, 2022.
             The game lasted 07:23:50 (39945 turns).

kadoom the Hoplite (Minotaur Berserker)            Turns: 39945, Time: 07:23:51

Health: -16/136    AC: 37    Str: 26    XL:     20   Next: 63%
Magic:  16/17      EV: 12    Int: -2 (0) God:    Trog [*****.]
Gold:   2366       SH: 28    Dex: 11    Spells: 19/19 levels left

rFire   + . .      SeeInvis +   a - +8 broad axe (vorpal)
rCold   . . .      Faith    .   Z - +2 tower shield {rN+}
rNeg    + . .      Spirit   .   I - +12 plate armour of Heavve {rPois Regen+ rCorr Str-2}
rPois   +          Reflect  +   e - +0 mask of the Dragon {Will+ Slay+3 SInv}
rElec   .          Harm     .   P - +2 cloak {rPois}
rCorr   +          Rampage  .   u - +1 pair of gloves
Will    +++..                   R - +2 pair of boots
Stlth   ..........              U - amulet of reflection
HPRegen 0.00/turn               p - ring of willpower
MPRegen 0.15/turn               O - ring of protection from fire

@: sick, inhibited regen, hasted and slowed, lost intelligence, studying Long
Blades, unable to read, unable to drink
A: horns 2, retaliatory headbutt, [clumsy 1], [deformed body], [deterioration
2], [dopey 2], [frail 3], [low MP 1], [inhibited regeneration], [subdued magic
2], [inability to drink after injury 1], [inability to read after injury 2]
}: 2/15 runes: decaying, serpentine
a: Renounce Religion, Berserk, Trog's Hand, Brothers in Arms


You were on level 2 of the Abyss.
You worshipped Trog.
Trog was extremely pleased with you.
You visited 7 branches of the dungeon, and saw 37 of its levels.
You visited the Abyss 1 time.
You visited 1 bazaar.

You collected 5098 gold pieces.
You spent 2732 gold pieces at shops.

Inventory:

Hand Weapons
 a - a +8 vorpal broad axe (weapon)
 b - the +4 war axe "Sikiafeg" {antimagic, Str+3}
   (You took it off a naga warrior on level 4 of the Snake Pit)

   It reduces the magical energy of the wielder, and disrupts the spells and
   magical abilities of those it strikes.
   Natural abilities and divine invocations are not affected.
   Str:       It affects your strength (+3).
 q - the +1 hand axe "Lemeusik" {spect, rF++ Int+2}
   (You found it on level 2 of the Dungeon)

   When its wielder attacks, the weapon's spirit leaps out and strikes again.
   The spirit shares a part of any damage it takes with its wielder.
   Int:       It affects your intelligence (+2).
   rF:        It greatly protects you from fire.
 w - a +4 broad axe of flaming
Missiles
 i - 6 datura-tipped darts
 k - 9 javelins
 l - 2 boomerangs of dispersal
 J - 20 boomerangs (quivered)
 L - 4 silver javelins
 N - 3 throwing nets
 S - 12 atropa-tipped darts
Armour
 e - the +0 mask of the Dragon (worn) {Will+ Slay+3 SInv}
   (You acquired it on level 1 of the Lair of Beasts)

   Slay:      It affects your accuracy & damage with ranged weapons and melee
   (+3).
   SInv:      It lets you see invisible.
   Will:      It increases your willpower.
 u - a +1 pair of gloves (worn)
 I - the +12 plate armour of Heavve (worn) {rPois Regen+ rCorr Str-2}
   (You found it on level 2 of the Lair of Beasts)

   Str:       It affects your strength (-2).
   rPois:     It protects you from poison.
   Regen:     It increases your rate of health regeneration.
   rCorr:     It protects you from acid and corrosion.
 P - a +2 cloak of poison resistance (worn)
 R - a +2 pair of boots (worn)
 Z - a +2 tower shield of positive energy (worn)
Jewellery
 d - a ring of protection from cold
 p - a ring of willpower (left hand)
 x - an amulet of magic regeneration
 O - a ring of protection from fire (right hand)
 U - an amulet of reflection (around neck)
Wands
 j - a wand of flame (55)
 s - a wand of paralysis (20)
 t - a wand of digging (5)
 B - a wand of mindburst (26)
 E - a wand of polymorph (2)
 Q - a wand of roots (17)
 T - a wand of acid (6)
Scrolls
 c - a scroll of fear
 h - 13 scrolls of teleportation
 n - 5 scrolls of fog
 y - 2 scrolls of summoning
 A - a scroll of brand weapon
 G - 2 scrolls of magic mapping
 H - 5 scrolls of silence
 M - 6 scrolls of blinking
 Y - 2 scrolls of immolation
Potions
 f - 10 potions of heal wounds
 g - 21 potions of curing
 m - 6 potions of might
 o - 2 potions of cancellation
 v - 3 potions of invisibility
 C - 6 potions of flight
 D - 4 potions of lignification
 K - 5 potions of haste
 V - 6 potions of ambrosia
Miscellaneous
 r - a tin of tremorstones (inert)
 F - a phial of floods
 W - a condenser vane (inert)
 X - a lightning rod (3/4)


   Skills:
 + Level 20.9 Fighting
 + Level 18.6 Axes
 - Level 7.0 Throwing
 + Level 20.7 Armour
 + Level 13.8 Dodging
 + Level 22.0 Shields
 - Level 10.0 Evocations


You had 19 spell levels left.
You didn't know any spells.
Your spell library was empty.

Dungeon Overview and Level Annotations

Branches:
Dungeon (15/15)            Temple (0/1) D:4            Lair (5/5) D:11
  Swamp (4/4) Lair:3        Snake (4/4) Lair:2        Slime (0/5) Lair:4
    Orc (2/2) D:11            Elf (3/3) Orc:2        Vaults (4/5) D:14
  Crypt (0/3) Vaults:3     Depths (0/4) D:15

Altars:
Cheibriados
Dithmenos
Fedhas
Gozag
Hepliaklqana
Kikubaaqudgha
Sif Muna
Trog
Vehumet
Yredelemnul
The Shining One
Jiyva

Shops:
D:4 [[!   D:7 [   D:10 (   Orc:2 ([*[?   Elf:1 *   Elf:2 !   Elf:3 (
Snake:2 ([?   Snake:4 *   Vaults:2 =   Vaults:4 *

Annotations:
D:2 1 runed translucent door, Crazy Yiuf
Lair:2 2 transporters, Wuvuatt's ghost, journeyman MiBe
Swamp:3 Bai Suzhen
Snake:1 Roxanne


Innate Abilities, Weirdness & Mutations

You have a pair of horns on your head.
You reflexively headbutt those who attack you in melee.
[You are clumsy. (Dex -2)]
[Armour fits poorly on your strangely shaped body.]
[Your body often deteriorates upon taking damage.]
[You are very dopey. (Int -4)]
[You are extremely frail. (-30% HP)]
[Your magical capacity is low. (-10% MP)]
[You do not regenerate when monsters are visible.]
[Your spells are easier to cast, but less powerful.]
[You occasionally lose the ability to drink potions when taking damage.]
[You sometimes lose the ability to read scrolls when taking damage.]


Message History

The thrashing horror roars!
You block the thrashing horror's attack. x2
The lich conjures an orb of pure magic.
An orb of destruction comes into view.
The thrashing horror tramples you but does no damage.
You block the thrashing horror's attack.
The thrashing horror roars!
You block the thrashing horror's attack. x2
A starcursed mass comes into view.
The thrashing horror roars!
The orb of destruction hits the thrashing horror!!!!
The thrashing horror is blown up!
The ancient lich points at you and mumbles some strange words.
The bolt of acid hits you! You resist.
* * * LOW HITPOINT WARNING * * *
A starcursed mass splits.
You block the starcursed mass's attack.
The ancient lich attacks as you move away!
The ancient lich touches you.
* * * LOW HITPOINT WARNING * * *
The ancient lich touches you.
* * * LOW HITPOINT WARNING * * *
The lich casts a spell.
The lich seems to speed up.
A starcursed mass splits.
You slash the starcursed mass!
The starcursed mass is heavily damaged.
You slash the ancient lich! You slash the starcursed mass!
You hit the starcursed mass but do no damage.
The starcursed mass shudders and is absorbed by its neighbour. x2
You block the ancient lich's attack.
The starcursed mass attacks as you move away!
The starcursed mass barely misses you. You furiously retaliate!
You headbutt the starcursed mass!
A small abomination comes into view.
A starcursed mass splits.
The ancient lich touches you but does no damage.
The ancient lich casts a spell at you. The bolt of acid hits you!! You resist.
You feel threatened and lose the ability to read scrolls!
You die...

# .. . #.#..
.. #.#.. ..
.... ..#
#.####..##.
#..#.......
#..@.......
#...##..##.
####.L.# #
#....X#...x.
###...##.....
#.###L.###..#
#..#XX.##..♣~~
#.............
#..#..........


You could see a starcursed mass, an ancient lich (fast), a lich (fast) and a
large abomination.

Vanquished Creatures
  Saint Roka (Orc:2)
  Jorgrun (Swamp:3)
  Rupert (Lair:4)
  2 deep elf blademasters (Elf:3)
  A titan (Vaults:4)
  A deep elf master archer (Elf:3)
  Frances (Elf:1)
  2 tentacled starspawn (Abyss:2)
  2 tengu reavers (Vaults:2)
  Donald (Snake:1)
  A nagaraja (Snake:4)
  A thorn hunter (Swamp:4)
  5 orc warlords
  6 vault wardens
  2 deep elf sorcerers
  Aizul (Snake:1)
  A deep elf elementalist (Elf:3)
  8 very ugly things
  2 stone giants
  10 ironbound preservers
  2 war gargoyles
  4 ironbound thunderhulks
  Nessos (Lair:5)
  5 eleionomae
  4 deep elf annihilators
  2 deep elf demonologists (Elf:3)
  9 dire elephants
  4 bunyips
  2 entropy weavers
  2 crystal guardians
  3 deep elf death magi (Elf:3)
  A deep elf high priest (Elf:3)
  A fire dragon (D:11)
  5 yaktaur captains
  An ettin (Vaults:3)
  6 vault guards
  4 great orbs of eyes
  2 salamander tyrants (Snake:4)
  20 hydras
  2 shambling mangroves (Swamp:4)
  Erolcha (D:13)
  An ogre mage (Vaults:1)
  3 peacekeepers
  4 boulder beetles
  14 centaur warriors
  2 ironbound frosthearts
  11 anacondas
  7 alligators
  3 two-headed ogres
  24 dancing weapons
  4 ghost crabs
  11 naga warriors
  4 tengu warriors
  A thrashing horror (Abyss:2)
  Urug (D:13)
  20 naga sharpshooters
  3 shock serpents
  2 orc high priests (Orc:2)
  16 deep elf knights
  6 spriggans
  6 salamander mystics
  2 wretched stars (Abyss:2)
  4 goliath frogs
  2 spriggan druids
  7 swamp dragons
  32 deep trolls
  12 wizards
  4 naga ritualists
  Pikel (D:7)
  7 bog bodies
  18 orc knights
  6 deep elf archers
  34 deep elf zephyrmancers
  6 ironbound convokers
  7 lindwurms
  20 deep elf pyromancers
  5 orc sorcerers
  A wolf spider (Lair:5)
  3 cyclopes
  3 manticores (D:12)
  39 ugly things
  15 salamanders
  8 mana vipers
  A worldbinder (Abyss:2)
  3 will-o-the-wisps
  7 vault sentinels
  7 guardian serpents
  Joseph (D:7)
  25 black mambas
  Maurice (D:8)
  12 naga magi
  A torpor snail (Lair:5)
  6 gargoyles
  8 cane toads
  Psyche (D:8)
  2 rime drakes
  3 kobold demonologists (D:9)
  17 yaktaurs
  2 ice devils (D:12)
  A tormentor (Abyss:2)
  7 komodo dragons
  2 tengu conjurers (D:13)
  An ancient zyme (Abyss:2)
  11 polar bears
  A queen bee (shapeshifter) (Elf:3)
  13 trolls
  4 bloated husks
  A merfolk (D:10)
  11 hornets
  10 slime creatures
  6 tyrant leeches
  3 raiju (Lair:5)
  Prince Ribbit (D:7)
  13 blink frogs
  A jumping spider (Vaults:3)
  2 shadows (D:11)
  An air elemental (Elf:1)
  2 wyverns
  2 large abominations (Abyss:2)
  2 wraiths
  A vampire (D:11)
  21 yaks
  2 fire elementals
  A culicivora (Vaults:2)
  4 basilisks
  2 water elementals
  2 steam dragons
  12 vampire mosquitoes
  2 redbacks (Vaults:2)
  36 nagas
  7 wargs
  An acid dragon (D:9)
  13 swamp worms
  9 water moccasins
  12 hell hounds (Lair:5)
  10 swamp drakes (Swamp:4)
  13 black bears
  A sky beast (D:7)
  4 ice beasts
  50 orc warriors
  6 ogres
  7 centaurs
  A small abomination (Abyss:2)
  13 wolves (Lair:5)
  3 lemures (D:7)
  4 bullfrogs
  6 kobold brigands
  5 scorpions
  A gnoll sergeant (D:6)
  2 necrophages
  An earth elemental (Elf:3)
  7 wights
  5 killer bees (D:11)
  3 vampire bats (Lair:4)
  An electric eel (Lair:5)
  2 howler monkeys
  A quasit (D:6)
  2 jellies
  3 hounds (D:5)
  20 orc priests
  4 gnoll boudas
  4 iguanas
  25 orc wizards
  31 gnolls
  9 adders
  A river rat (Lair:2)
  4 shadow imps
  6 white imps
  7 ufetubi
  A worm (D:3)
  2 dart slugs
  99 orcs
  8 bats
  2 endoplasms (D:2)
  7 giant cockroaches
  5 goblins
  6 hobgoblins
  5 quokkas
  10 ball pythons
  2 frilled lizards (D:2)
  16 kobolds
  6 rats
  A starspawn tentacle (Abyss:2)
1259 creatures vanquished.

Vanquished Creatures (collateral kills)
  Sojobo (Vaults:2)
  Mlioglotl (Swamp:1)
  A deep elf master archer (Elf:3)
  Gastronok (D:10)
  2 ghouls (Swamp:2)
  2 ironbound preservers (Vaults:1)
  A shambling mangrove (Swamp:4)
  2 hydras
  A two-headed ogre (D:11)
  A naga warrior (Snake:4)
  A dancing weapon (Elf:3)
  An orc high priest (Elf:1)
  2 deep trolls (Vaults:1)
  A swamp dragon (Swamp:2)
  A naga ritualist (Snake:1)
  3 deep elf archers (Elf:1)
  A bog body (Swamp:2)
  A wizard (Vaults:1)
  2 deep elf pyromancers (Elf:1)
  An ironbound convoker (Vaults:1)
  A deep elf zephyrmancer (Elf:1)
  2 salamanders
  3 ugly things (Vaults:1)
  A guardian serpent (Snake:4)
  2 yaktaurs (Vaults:1)
  A tyrant leech (Swamp:1)
  A spriggan (Swamp:4)
  A shadow (D:11)
  A yak (D:11)
  A chaos spawn (Abyss:2)
  A vampire mosquito (Swamp:1)
  A large abomination (Abyss:2)
  A naga (Snake:1)
  2 swamp worms (Swamp:1)
  An orc warrior (Vaults:1)
  A gnoll sergeant (D:11)
  An earth elemental (Elf:1)
  An orc wizard (D:11)
  A gnoll (D:11)
  A starspawn tentacle (Abyss:2)
52 creatures vanquished.

Vanquished Creatures (others)
  A hydra (Swamp:4)
  A spriggan (Swamp:4)
  A thrashing horror (Abyss:2)
  A deep elf knight (Elf:1)
  A wizard (D:14)
  A deep elf zephyrmancer (Elf:1)
  A hornet (Swamp:4)
  4 demonic plants (D:6)
  22 foxfires
  7 fungi
  32 plants
  12 starspawn tentacles (Abyss:2)
84 creatures vanquished.

Grand Total: 1395 creatures vanquished

Notes
Turn   | Place    | Note
-------+----------+-------------------------------------------
     0 | D:1      | kadoom the Minotaur Berserker began the quest for the Orb.
     0 | D:1      | Reached XP level 1. HP: 19/19 MP: 0/0
   182 | D:1      | Reached XP level 2. HP: 26/26 MP: 1/1
   738 | D:2      | Identified the +1 hand axe "Lemeusik" {spect, rF++ Int+2}
   771 | D:2      | Reached skill level 5 in Axes
   875 | D:2      | Found a faded altar of an unknown god.
   888 | D:2      | Found a runed translucent door.
   889 | D:2      | Noticed Crazy Yiuf
   931 | D:2      | Reached ** piety under Trog
  1111 | D:2      | Reached XP level 3. HP: 31/31 MP: 2/2
  1234 | D:2      | Reached XP level 4. HP: 31/39 MP: 3/3
  1626 | D:3      | Noticed a scorpion
  1633 | D:3      | Killed a scorpion
  1634 | D:3      | Reached XP level 5. HP: 45/45 MP: 4/4
  1658 | D:3      | Found a glowing golden altar of the Shining One.
  2075 | D:4      | Found a staircase to the Ecumenical Temple.
  2186 | D:4      | Found Gerchavo's Armour Boutique.
  2257 | D:4      | Found Fasemm's Antique Armour Boutique.
  2319 | D:4      | Found Gaamedui's Distillery.
  2328 | D:4      | Bought a potion of curing for 30 gold pieces
  2772 | D:5      | Entered Level 5 of the Dungeon
  2856 | D:5      | Reached XP level 6. HP: 27/51 MP: 5/5
  3138 | D:5      | Found an opulent altar of Gozag.
  3176 | D:5      | Noticed an ice beast
  3181 | D:5      | Killed an ice beast
  3237 | D:5      | Reached XP level 7. HP: 57/60 MP: 6/6
  3315 | D:5      | Reached skill level 5 in Fighting
  3817 | D:6      | Reached skill level 5 in Armour
  3898 | D:6      | Found a basalt altar of Yredelemnul.
  3901 | D:6      | Found a bloodstained altar of Trog.
  3941 | D:6      | Reached XP level 8. HP: 55/70 MP: 7/7
  3957 | D:6      | Reached *** piety under Trog
  4170 | D:6      | Identified the +5 dagger of Laceration {vorpal, rN+ rCorr
                  | Int+2 Dex+4}
  4485 | D:6      | Reached skill level 1 in Shields
  4557 | D:6      | Reached skill level 2 in Shields
  4801 | D:6      | Reached skill level 3 in Shields
  5175 | D:7      | Found Jothirei's Antique Armour Emporium.
  5189 | D:7      | Noticed Prince Ribbit
  5195 | D:7      | Reached skill level 4 in Shields
  5206 | D:7      | Killed Prince Ribbit
  5207 | D:7      | Reached skill level 10 in Axes
  5207 | D:7      | Reached XP level 9. HP: 80/80 MP: 8/8
  5234 | D:7      | Noticed a troll
  5456 | D:7      | Reached skill level 5 in Shields
  5573 | D:7      | Killed a troll
  5799 | D:7      | Reached skill level 6 in Shields
  5836 | D:7      | Noticed Joseph
  5854 | D:7      | Killed Joseph
  6191 | D:7      | Noticed Pikel
  6214 | D:7      | Killed Pikel
  6215 | D:7      | Reached skill level 7 in Shields
  6457 | D:8      | Reached XP level 10. HP: 87/90 MP: 9/9
  6579 | D:8      | Noticed Psyche
  6589 | D:8      | Killed Psyche
  6590 | D:8      | Reached skill level 8 in Shields
  6838 | D:8      | Reached **** piety under Trog
  7044 | D:8      | Noticed Maurice
  7050 | D:8      | Killed Maurice
  7402 | D:9      | Noticed a two-headed ogre
  7541 | D:9      | Found a shadowy altar of Dithmenos.
  7598 | D:9      | Reached skill level 9 in Shields
  7772 | D:9      | Reached skill level 10 in Fighting
  8163 | D:9      | Killed a two-headed ogre
  8346 | D:10     | Entered Level 10 of the Dungeon
  8378 | D:10     | Noticed Gastronok
  8406 | D:10     | Reached XP level 11. HP: 101/101 MP: 10/10
  8418 | D:10     | Reached skill level 10 in Armour
  8451 | D:10     | Killed Gastronok
  8452 | D:10     | Reached skill level 10 in Shields
  8749 | D:10     | Found a shimmering blue altar of Sif Muna.
  8980 | D:10     | Found a snail-covered altar of Cheibriados.
  8997 | D:10     | Found a blossoming altar of Fedhas.
  9259 | D:10     | Found Boroaty's Weapon Emporium.
  9743 | D:11     | Noticed a six-headed hydra
 10045 | D:11     | Reached skill level 11 in Shields
 10137 | D:11     | Noticed a fire dragon
 10162 | D:11     | Killed a fire dragon
 10376 | D:11     | Killed a six-headed hydra
 10660 | D:11     | Found a staircase to the Lair.
 10729 | D:11     | Found a staircase to the Orcish Mines.
 10849 | D:11     | Noticed a two-headed ogre
 10856 | D:11     | Killed a two-headed ogre
 10872 | D:11     | Reached XP level 12. HP: 79/112 MP: 11/11
 11391 | D:12     | Noticed a two-headed ogre
 11510 | D:12     | Reached skill level 12 in Shields
 11566 | Lair:1   | Entered Level 1 of the Lair of Beasts
 12017 | Lair:1   | Noticed a seven-headed hydra
 12022 | Lair:1   | Killed a seven-headed hydra
 12385 | Lair:1   | Identified a scroll of acquirement
 12385 | Lair:1   | Acquired the +0 mask of the Dragon {Will+ Slay+3 SInv}
 12385 | Lair:1   | Found the +0 mask of the Dragon {Will+ Slay+3 SInv}
 12646 | Lair:2   | Reached skill level 1 in Throwing
 12666 | Lair:2   | Found a staircase to the Snake Pit.
 12701 | Lair:2   | Found a transporter.
 12761 | Lair:2   | Reached skill level 5 in Dodging
 12868 | Lair:2   | Noticed Wuvuatt's ghost (journeyman MiBe)
 12874 | Lair:2   | Noticed a five-headed hydra
 12972 | Lair:2   | Noticed a death yak
 12985 | Lair:2   | Found a transporter.
 13109 | Lair:2   | Identified the +12 plate armour of Heavve {rPois Regen+
                  | rCorr Str-2}
 13268 | Lair:2   | Noticed a six-headed hydra
 13278 | Lair:2   | Killed a six-headed hydra
 13463 | Lair:3   | Identified the +1 ring mail "Puaxkulo" {-Tele Dex+4}
 13690 | Lair:3   | Noticed a seven-headed hydra
 13703 | Lair:3   | Killed a seven-headed hydra
 13738 | Lair:3   | Noticed an eight-headed hydra
 13747 | Lair:3   | Killed an eight-headed hydra
 13748 | Lair:3   | Reached skill level 13 in Shields
 13748 | Lair:3   | Reached XP level 13. HP: 118/119 MP: 12/12
 13752 | Lair:3   | Found a staircase to the Swamp.
 14134 | Lair:4   | Found a viscous altar of Jiyva.
 14136 | Lair:4   | Found a staircase to the Slime Pits.
 14147 | Lair:4   | Noticed Rupert
 14168 | Lair:4   | Killed Rupert
 14303 | Lair:4   | Reached skill level 5 in Throwing
 15058 | Lair:5   | Entered Level 5 of the Lair of Beasts
 15455 | Lair:5   | Noticed Nessos
 15499 | Lair:5   | Killed Nessos
 15777 | Lair:5   | Reached ***** piety under Trog
 15936 | Lair:5   | Received a gift from Trog
 16658 | D:12     | Reached skill level 14 in Shields
 16864 | D:12     | Reached skill level 1 in Evocations
 16972 | D:12     | Reached XP level 14. HP: 108/129 MP: 13/13
 17011 | D:12     | Reached skill level 10 in Dodging
 17289 | Orc:1    | Entered Level 1 of the Orcish Mines
 17575 | Orc:2    | Entered Level 2 of the Orcish Mines
 17646 | Orc:2    | Received a gift from Trog
 17979 | Orc:2    | Noticed Saint Roka
 18010 | Orc:2    | Killed Saint Roka
 18069 | Orc:2    | Found Soteja's Antique Armour Shoppe.
 18073 | Orc:2    | Found Zuck's Antique Weapon Emporium.
 18109 | Orc:2    | Found Erchaixze's Magic Scroll Shoppe.
 18321 | Orc:2    | Found a staircase to the Elven Halls.
 18339 | Orc:2    | Found Onet Ula's Antique Armour Shop.
 18405 | Orc:2    | Received a gift from Trog
 18464 | Orc:2    | Found Biajy's General Store.
 18691 | Orc:2    | Bought a scroll of enchant armour for 97 gold pieces
 18691 | Orc:2    | Bought a scroll of identify for 26 gold pieces
 18691 | Orc:2    | Bought a scroll of identify for 26 gold pieces
 18691 | Orc:2    | Bought a scroll of brand weapon for 123 gold pieces
 18744 | Orc:2    | Bought a runed cloak for 247 gold pieces
 19109 | D:13     | Noticed Urug
 19121 | D:13     | Killed Urug
 19244 | D:13     | Noticed Erolcha
 19252 | D:13     | Killed Erolcha
 19760 | D:13     | Found a hazy altar of Hepliaklqana.
 19978 | D:14     | Reached skill level 5 in Evocations
 20192 | D:14     | Reached skill level 15 in Axes
 20370 | D:14     | Reached skill level 15 in Shields
 20432 | D:14     | Found a gate to the Vaults.
 20468 | D:14     | Reached XP level 15. HP: 139/139 MP: 14/14
 20690 | D:15     | Entered Level 15 of the Dungeon
 21274 | D:15     | Found a staircase to the Depths.
 21292 | D:15     | Reached skill level 15 in Fighting
 21503 | Swamp:1  | Entered Level 1 of the Swamp
 21581 | Swamp:1  | Noticed Mlioglotl
 21596 | Swamp:1  | Killed Mlioglotl
 21871 | Swamp:1  | Received a gift from Trog
 22774 | Swamp:3  | Noticed Bai Suzhen
 22821 | Swamp:2  | Reached skill level 15 in Armour
 22948 | Swamp:3  | Reached skill level 16 in Shields
 23300 | Swamp:3  | Noticed Jorgrun
 23323 | Swamp:3  | Killed Jorgrun
 23583 | Swamp:4  | Entered Level 4 of the Swamp
 23690 | Swamp:4  | Reached XP level 16. HP: 151/151 MP: 15/15
 24454 | Swamp:4  | Reached skill level 17 in Shields
 24509 | Swamp:4  | Reached ****** piety under Trog
 24562 | Swamp:4  | Got a decaying rune of Zot
 24588 | Swamp:4  | Noticed a thorn hunter
 24594 | Swamp:4  | Killed a thorn hunter
 24673 | Swamp:4  | Paralysed by a hornet for 3 turns
 24950 | Orc:2    | Bought a scroll of blinking for 90 gold pieces
 24950 | Orc:2    | Bought a lightning rod (4/4) for 360 gold pieces
 24989 | Orc:2    | Bought a scroll of teleportation for 39 gold pieces
 24989 | Orc:2    | Bought a scroll of teleportation for 39 gold pieces
 24989 | Orc:2    | Bought a scroll of fog for 52 gold pieces
 25164 | Snake:1  | Entered Level 1 of the Snake Pit
 25248 | Snake:1  | Received a gift from Trog
 25449 | Snake:1  | Noticed Aizul
 25463 | Snake:1  | Killed Aizul
 25827 | Snake:1  | Noticed Roxanne
 26275 | Snake:1  | Noticed Donald
 26287 | Snake:1  | Killed Donald
 27046 | Snake:2  | Found Peasoeps's Weapon Emporium.
 27048 | Snake:2  | Found Solusef's Antique Armour Shoppe.
 27050 | Snake:2  | Found Cadub's Magic Scroll Emporium.
 27058 | Snake:2  | Bought a scroll of summoning for 95 gold pieces
 27058 | Snake:2  | Bought a scroll of enchant armour for 75 gold pieces
 27205 | Snake:2  | Identified the ring "Suyckav" {Fire Will+ Int+3 Dex-3
                  | Stlth+}
 27255 | Snake:2  | Reached XP level 17. HP: 163/163 MP: 16/16
 28076 | Snake:3  | Received a gift from Trog
 28251 | Snake:3  | Reached skill level 18 in Shields
 29379 | Snake:3  | Acquired 1116 gold pieces
 29383 | Snake:4  | Entered Level 4 of the Snake Pit
 29694 | Snake:4  | Found Ifavak's General Store.
 29702 | Snake:4  | Bought a potion of curing for 57 gold pieces
 29785 | Snake:4  | Received a gift from Trog
 30331 | Snake:4  | Identified the +4 war axe "Sikiafeg" {antimagic, Str+3}
 30597 | Snake:4  | Got a serpentine rune of Zot
 30959 | Vaults:1 | Entered Level 1 of the Vaults
 31169 | Vaults:1 | Reached XP level 18. HP: 108/174 MP: 17/17
 31196 | Vaults:1 | Received a gift from Trog
 31202 | Vaults:1 | Reached skill level 19 in Shields
 32576 | Vaults:2 | Received a gift from Trog
 32583 | Vaults:2 | Identified the +5 mace "Suntoidd" {vorpal, Int+4}
 32908 | Vaults:2 | Noticed Sojobo
 32945 | Vaults:2 | Killed Sojobo
 33011 | Vaults:2 | Reached skill level 20 in Shields
 33491 | Vaults:2 | Found Riefem's Jewellery Boutique.
 33495 | Vaults:2 | Bought an amulet of reflection for 330 gold pieces
 33684 | Vaults:2 | Reached XP level 19. HP: 174/184 MP: 18/18
 34033 | Vaults:3 | Received a gift from Trog
 34038 | Vaults:3 | Found a flickering gateway to a bazaar.
 34052 | Bazaar   | Entered a bazaar
 34088 | Bazaar   | Found Pew Vaba's Antique Armour Shoppe.
 34104 | Bazaar   | Found Hoitest's Antique Armour Shoppe.
 34120 | Bazaar   | Found Etiapt Asche's Magic Scroll Shoppe.
 34125 | Bazaar   | Bought a scroll of enchant armour for 112 gold pieces
 34136 | Bazaar   | Found Maer's Antique Weapon Shoppe.
 34184 | Bazaar   | Bought a pair of glowing boots for 165 gold pieces
 34216 | Bazaar   | Bought a scroll of magic mapping for 112 gold pieces
 34585 | Vaults:3 | Found a staircase to the Crypt.
 34585 | Vaults:3 | Found an ancient bone altar of Kikubaaqudgha.
 34587 | Vaults:3 | Found a basalt altar of Yredelemnul.
 35219 | Vaults:4 | Found Culei's General Store.
 35224 | Vaults:4 | Bought a potion of heal wounds for 75 gold pieces
 35224 | Vaults:4 | Bought a scroll of enchant weapon for 112 gold pieces
 35274 | Vaults:4 | Acquired a ring of protection from cold
 35441 | Vaults:4 | Paralysed by a great orb of eyes for 2 turns
 35788 | Vaults:4 | Reached skill level 21 in Shields
 36662 | Elf:1    | Entered Level 1 of the Elven Halls
 36662 | Elf:1    | Found a runed translucent gate.
 36662 | Elf:1    | Found a runed translucent gate.
 36662 | Elf:1    | Found a runed translucent gate.
 36662 | Elf:1    | Found a runed translucent gate.
 36662 | Elf:1    | Found a runed translucent gate.
 36662 | Elf:1    | Found a runed translucent gate.
 36664 | Elf:1    | Found a runed translucent door.
 36673 | Elf:1    | Found a runed translucent door.
 36783 | Elf:1    | Received a gift from Trog
 36822 | Elf:1    | Noticed Frances
 36839 | Elf:1    | Killed Frances
 37157 | Elf:1    | Found Impoast's General Store.
 37167 | Elf:1    | Bought a scroll of teleportation for 33 gold pieces
 37440 | Elf:1    | Paralysed by an air elemental for 1 turns
 37467 | Elf:1    | Reached XP level 20. HP: 195/195 MP: 19/19
 37617 | Elf:2    | Received a gift from Trog
 37765 | Elf:2    | Found Kyvetuipp's Distillery.
 37772 | Elf:2    | Bought a potion of curing for 57 gold pieces
 37772 | Elf:2    | Bought a potion of haste for 190 gold pieces
 37772 | Elf:2    | Bought a potion of heal wounds for 95 gold pieces
 37772 | Elf:2    | Bought a potion of heal wounds for 95 gold pieces
 38067 | Elf:2    | Found a runed translucent gate.
 38068 | Elf:2    | Found a runed translucent gate.
 38068 | Elf:2    | Found a runed translucent gate.
 38413 | Elf:2    | Reached skill level 10 in Evocations
 38679 | Elf:3    | Entered Level 3 of the Elven Halls
 38770 | Elf:3    | Found a radiant altar of Vehumet.
 38817 | Elf:3    | Found Hiron's Weapon Boutique.
 38884 | Elf:3    | Received a gift from Trog
 39511 | Elf:3    | Identified the amulet of Esushish {Faith Harm rCorr Int+4}
 39596 | Abyss:2  | Cast into level 2 of the Abyss (a deep elf demonologist)
 39718 | Abyss:2  | Noticed a dread lich
 39888 | Abyss:2  | Lost intelligence.
 39909 | Abyss:2  | Noticed an ancient lich
 39934 | Abyss:2  | Reached skill level 22 in Shields
 39945 | Abyss:2  | Killed from afar by an ancient lich

Illustrated notes

Levels and vault maps discovered:
D:1:      scummos_arrival_hexagon, layout_rooms, chequers_mini_garden,
          minmay_misc_feat_tower, hangedman_abyss_or_decor_lesser_grid
D:2:      layout_basic, hellmonk_ecumenical_altar_leap_of_faith,
          grunt_decor_resistance, uniq_crazy_yiuf_cottage
D:3:      layout_loops_ring, lemuel_coloured_pillars_altar, minmay_cupped
D:4:      layout_basic, minmay_temple_entry_butterflies, serial_shops, shop,
          shop, nicolae_shop_crystal
D:5:      layout_gridville, mainiacjoe_overflow_tiny_flanked
D:6:      layout_cave_pools, minitemple, portal_sewer_entry_f, serial_demonic,
          serial_demonic_c, serial_demonic_f, serial_demonic_a,
          serial_demonic_e, serial_demonic_b
D:7:      layout_layer_cave, serial_shops, shop_fountains,
          minmay_fractal_squares_5, uniq_pikel, uniq_joseph, uniq_prince_ribbit1
D:8:      layout_loops_cross, uniq_maurice, uniq_psyche
D:9:      layout_rooms, mainiacjoe_overflow_surrounded_room, grunt_ministairs_14
D:10:     layout_loops_ring, kennysheep_orc_sif_temple, fedhas_ov_isle_minmay,
          kennysheep_slug_shrine, serial_shops, shop, amcnicky_mini_pool_small,
          hangedman_fish_farm, uniq_gastronok
D:11:     layout_rooms, minmay_lair_entry_lava, david_orc_4,
          minmay_joined_circles
D:12:     layout_roguey [special_room_orc], portal_ice_cave_demonic_guard,
          serial_glass, glass_columns_b, glass_columns_a, glass_columns_c,
          glass_columns_b, glass_columns_b, glass_columns_b, glass_columns_a,
          glass_columns_b, glass_columns_a, glass_columns_c
D:13:     layout_gridville, nicolae_hepliaklqana_hazy_memory, uniq_erolcha,
          uniq_urug
D:14:     layout_roguey, grunt_vaults_entry_fortified,
          minmay_staircase_windowed_large
D:15:     grunt_enter_depths_snipers, layout_cave_pools
Lair:1:   layout_regular_city, lemuel_fruit_tree
Lair:2:   layout_chaotic_city, minmay_snake_entry_guardpost_small,
          nzn_ghost_randoct, pond
Lair:3:   layout_hall_layers, palyth_hydra_swamp_entry
Lair:4:   layout_cave_shapes, slime_entry_1, roderic_batcave,
          grunt_megastairs_1, uniq_rupert
Lair:5:   hangedman_lair_caniforms_friends, layout_regular_city,
          lemuel_fruit_fields, grunt_megastairs_4, infiniplex_staircase_pool,
          serial_bayou_shore_a, uniq_nessos
Swamp:1:  nicolae_swamp_long_stream, layout_basic_swamp,
          evilmike_swamp_ruin_rubble_1, uniq_mlioglotl
Swamp:2:  cheibrodos_swamp_heart_of_darkness, layout_basic_swamp,
          hangedman_swamp_ruin_hall
Swamp:3:  layout_basic_swamp, evilmike_swamp_ruin_house_4, uniq_jorgrun,
          uniq_bai_suzhen
Swamp:4:  swamp_basic_johnstein, layout_basic_swamp
Snake:1:  layout_chambers, grunt_ministairs_5, uniq_aizul, uniq_roxanne,
          uniq_donald
Snake:2:  layout_basic, grunt_megastairs_2, minmay_shop_star
Snake:3:  layout_layer_cave, drop_trap
Snake:4:  snake_pit_salamanders_mu, layout_cave_town, serial_shops,
          nicolae_shop_crystal
Orc:1:    layout_caves
Orc:2:    grunt_orc_community_town_hall, layout_diamond_mine,
          grunt_orc_community_big_house_2, grunt_orc_community_big_house_1,
          grunt_orc_community_house_2, grunt_orc_community_house_2,
          grunt_orc_community_house_2, grunt_orc_community_house_1,
          grunt_orc_community_house_1, serial_shops, shop
Elf:1:    nicolae_elf_arrival_dilemma, layout_rooms, serial_shops,
          nicolae_shop_waterfront, evilmike_minifort, uniq_frances
Elf:2:    nicolae_elf_blades_crystal_corner, layout_gridlike, serial_shops,
          shop_fountains, minivault_25
Elf:3:    elf_hall, layout_geoelf_octagon, serial_shops,
          nicolae_shop_bloodbath_and_beyond, basic_altar, hangedman_glass_teeth
Vaults:1: vaults_dpeg_hooks, nicolae_vaults_yaktaur_gun_rack,
          vaults_room_ringed_pool, hangedman_vaults_maws, v_misc_31,
          vaults_mumra_hexcomb, v_alt_pattern_3, v_misc_12,
          grunt_vaults_hallway_long, hangedman_vaults_maws,
          nicolae_vaults_back_hallway, grunt_vaults_diagonal,
          ontoclasm_vaults_loading_screen, nicolae_vaults_little_squares_6,
          layout_vaults_ring
Vaults:2: nicolae_vaults_ring_of_whatevers, ontoclasm_vaults_twist, v_misc_15,
          vaults_room_fancy_cross, nicolae_vaults_windows_and_doors_thing,
          vaults_dpeg_emergency_exit, nicolae_vaults_little_squares_3,
          nicolae_vaults_little_squares_3, v_alt_pattern_3,
          layout_vaults_big_room, serial_shops, shop, uniq_sojobo
Vaults:3: v_misc_5, vaults_room_corners, minmay_crypt_entry_necro_gods,
          nicolae_vaults_asterisk, ontoclasm_vaults_gateway, vaults_room_fours,
          vaults_dpeg_ring, ontoclasm_vaults_decontamination,
          nicolae_vaults_mini_display_case, layout_vaults_omnigrid,
          serial_glass, serial_shops, bzr_entry_gold
Vaults:4: vaults_room_stairs_pillars, vaults_room_boxed,
          nicolae_vaults_specimen_jars, nicolae_vaults_little_ls,
          vaults_dpeg_spiral, hangedman_vaults_stretched_pinwheel, v_misc_1,
          v_pattern_4, vaults_room_door_ring, v_misc_13, v_misc_8,
          layout_vaults_big_cross, serial_shops, shop
Abyss:2:  base: D:4, guppyfry_abyss_exit_spiral_guarded, minivault_26

Skill      XL: |  1  2  3  4  5  6  7  8  9 10 11 12 13 14 15 16 17 18 19 20 |
---------------+-------------------------------------------------------------+-----
Axes           | 4 5 6 7 8 9 10 12 13 14 15 16 17 18 | 18.6
Fighting       | 4 6 7 8 10 11 12 13 14 16 17 18 19 20 | 20.9
Armour         | 3 5 7 8 9 11 12 13 14 15 17 18 19 20 | 20.7
Shields        | 4 7 9 11 13 14 15 16 17 18 20 21 22 | 22.0
Dodging        | 6 9 10 12 13 | 13.8
Throwing       | 4 5 6 7 |  7.0
Evocations     | 1 5 6 7 8 9 10 | 10.0

Action                   |  1- 3 |  4- 6 |  7- 9 | 10-12 | 13-15 | 16-18 | 19-21 || total
-------------------------+-------+-------+-------+-------+-------+-------+-------++-------
Melee: Hand axe          |    47 |    61 |   183 |   229 |    31 |    27 |       ||   578
       Headbutt          |     5 |     9 |    41 |   138 |   276 |   376 |   181 ||  1026
       Punch             |     2 |     1 |     1 |       |       |       |       ||     4
       War axe           |       |       |       |   266 |   228 |    30 |   218 ||   742
       Mace              |       |       |       |    20 |     9 |       |       ||    29
       Dagger            |       |       |       |     1 |       |       |       ||     1
       Broad axe         |       |       |       |       |   837 |  1252 |   525 ||  2614
 Fire: Sling             |    23 |    18 |       |     1 |       |       |       ||    42
Throw: Stone             |       |    19 |    25 |    62 |    72 |    13 |       ||   191
       Boomerang         |       |       |    26 |     9 |    31 |    21 |    34 ||   121
       Dart              |       |       |    30 |    15 |    16 |     2 |     6 ||    69
       Throwing net      |       |       |       |       |     1 |       |       ||     1
       Javelin           |       |       |       |       |     7 |     1 |       ||     8
Invok: Trog's Hand       |     1 |     2 |     2 |     6 |     2 |     4 |    10 ||    27
       Berserk           |       |     2 |     7 |     9 |     9 |     7 |     2 ||    36
       Brothers in Arms  |       |       |       |     4 |     4 |     9 |     5 ||    22
Evoke: Wand              |       |       |     1 |     1 |    17 |     3 |     1 ||    23
       Tin of tremorston |       |       |       |       |     2 |     1 |     4 ||     7
       Lightning rod     |       |       |       |       |       |     1 |     7 ||     8
       Condenser vane    |       |       |       |       |       |       |     2 ||     2
  Use: Scroll            |     2 |     9 |     3 |    17 |    10 |     6 |     6 ||    53
       Potion            |       |       |       |     2 |     1 |     3 |     8 ||    14
 Stab: Distracted        |       |     1 |     2 |     4 |       |     5 |     2 ||    14
       Paralysed         |       |       |       |       |     1 |       |       ||     1
Armor: Animal skin       |     8 |       |       |       |       |       |       ||     8
       Ring mail         |     7 |       |       |       |       |       |       ||     7
       Chain mail        |     3 |    20 |    63 |    22 |       |       |       ||   108
       Plate armour      |       |       |       |   190 |   653 |   527 |   155 ||  1525
Dodge: Dodged            |    31 |    22 |    66 |   112 |   310 |   291 |   108 ||   940
Block: Kite shield       |       |       |    52 |   295 |   857 |   196 |       ||  1400
       Tower shield      |       |       |       |       |       |   960 |   631 ||  1591
       Reflection        |       |       |       |       |       |       |    62 ||    62
